 Dungeon Crawl Stone Soup version 0.25-a0-700-g7f8a7979f0 (webtiles) character file.

Game seed: 3518755274010741000, levelgen mode: deterministic

7 Esekla the Skirmisher (level 2, 29/29 HPs)
             Began as a Gnoll Abyssal Knight on Apr 2, 2020.
             Was an Initiate of Lugonu.
             Got out of the dungeon alive.
             The game lasted 00:01:52 (246 turns).

Esekla the Skirmisher (Gnoll Abyssal Knight)         Turns: 246, Time: 00:01:53

Health: 29/29      AC:  3    Str: 14    XL:     2   Next: 4%
Magic:  5/5        EV: 12    Int: 14    God:    Lugonu [......]
Gold:   51         SH:  0    Dex: 14    Spells: 1/1 levels left

rFire    . . .     SeeInvis .   a - +1 falchion
rCold    . . .     Gourm    .   (no shield)
rNeg     . . .     Faith    .   b - +0 leather armour
rPois    .         Spirit   .   (no helmet)
rElec    .         Reflect  .   (no cloak)
rCorr    .         Harm     .   (no gloves)
MR       .....                  (no boots)
Stlth    +.........             (no amulet)
HPRegen  0.09/turn              (no ring)
MPRegen  0.09/turn              (no ring)

@: no status effects
A: distributed training, fangs 1, strong nose
a: Renounce Religion


You escaped.
You worshipped Lugonu.
Lugonu was noncommittal.
You were not hungry.

You visited 1 branch of the dungeon, and saw 1 of its levels.
You visited the Abyss 1 time.

You collected 51 gold pieces.

Inventory:

Hand Weapons
 a - a +1 falchion (weapon)
Missiles
 e - 6 poisoned darts (quivered)
Armour
 b - a +0 leather armour (worn)
Comestibles
 c - 2 rations


   Skills:
 + Level 6.4 Fighting
 + Level 0.2 Short Blades
 + Level 4.4 Long Blades
 + Level 0.2 Axes
 + Level 0.2 Maces & Flails
 + Level 0.2 Polearms
 + Level 0.2 Staves
 + Level 0.2 Slings
 + Level 0.2 Bows
 + Level 0.2 Crossbows
 + Level 0.2 Throwing
 + Level 4.4 Armour
 + Level 2.4 Dodging
 + Level 0.2 Stealth
 + Level 0.2 Shields
 + Level 0.2 Unarmed Combat
 + Level 0.2 Spellcasting
 + Level 0.1 Conjurations
 + Level 0.1 Hexes
 + Level 0.1 Charms
 + Level 0.1 Summonings
 + Level 0.1 Necromancy
 + Level 0.1 Translocations
 + Level 0.1 Transmutations
 + Level 0.1 Fire Magic
 + Level 0.1 Ice Magic
 + Level 0.1 Air Magic
 + Level 0.1 Earth Magic
 + Level 0.1 Poison Magic
 + Level 4.4 Invocations
 + Level 0.2 Evocations


You had one spell level left.
You didn't know any spells.
Your spell library was empty.

Dungeon Overview and Level Annotations

Branches:
Dungeon (1/15)

Altars:


Innate Abilities, Weirdness & Mutations

Your experience applies equally to all skills.
You have very sharp teeth.
Your uncanny sense of smell can sniff out nearby items.


Message History

You barely miss the hobgoblin.
The hobgoblin is severely wounded.
The hobgoblin misses you.
You hit the hobgoblin but do no damage.
The hobgoblin is severely wounded.
The hobgoblin closely misses you.
You hit the hobgoblin.
You kill the hobgoblin!
Lugonu accepts your kill.
You have reached level 2!
Things that are here:
a +0 club; 15 stones
As you read the scroll labeled RIAXKA HIAST, it crumbles to dust.
It is a scroll of amnesia.
You feel forgetful for a moment.
There is an open door here.
There is a dry fountain here.
There is a staircase leading out of the dungeon here.
Are you sure you want to leave the Dungeon?
This will make you lose the game!
You have escaped!

#...# #.#
###.###.#
####......#
.........###
.#####...#
#...#...#
######
###.⌠.###.#
#....#
#.......#.#
#.##.#
+.⌠.@.⌠.'.# #.#
#.......#.# #.#
###.⌠.###.###
#.# #...#.....#
#.#
#####.....###.#
.............#
########.#####
#.......#
#.#######


There were no monsters in sight!

Vanquished Creatures
  2 leopard geckos (D:1)
  A ball python (D:1)
  A hobgoblin (D:1)
  A frilled lizard (D:1)
5 creatures vanquished.

Notes
Turn   | Place    | Note
-------+----------+-------------------------------------------
     0 | Abyss:1  | Esekla the Gnoll Abyssal Knight began the quest for the
                  | Orb.
     0 | Abyss:1  | Reached XP level 1. HP: 23/23 MP: 3/3
    29 | Abyss:2  | Found a corrupted altar of Lugonu.
    47 | Abyss:2  | Noticed a chaos spawn
    51 | Abyss:2  | Noticed a thrashing horror
    56 | D:1      | Escaped the Abyss
   185 | D:1      | Reached XP level 2. HP: 23/29 MP: 5/5
   246 | D:$      | Got out of the dungeon alive.

Levels and vault maps discovered:
D:1:      dpeg_arrival_simpleton_c, layout_basic

Action                   || total
-------------------------++-------
Melee: Falchion          ||    11
       Bite              ||     1
Invok: Depart the Abyss  ||     1
  Use: Scroll            ||     1
Armor: Leather armour    ||     3
Dodge: Dodged            ||    13
       Rpst.: Falchion   ||     1

Table legend:
 A = Non-vault XP
 B = Vault XP
 C = Vault XP percentage of total XP
 D = Non-vault monster count
 E = Vault monster count
 F = Vault count percentage of total count
                 A         B        C        D         E       F
            +---------+---------+-------+---------+---------+-------
      Total |      11 |       0 |   0.0 |       5 |       0 |   0.0
            +---------+---------+-------+---------+---------+-------
        D:1 |      11 |       0 |   0.0 |       5 |       0 |   0.0
            +---------+---------+-------+---------+---------+-------
